 Dungeon Crawl Stone Soup version 0.32-a0-32-g978bd804de (webtiles) character file.

Game seed: 17197788123357477016

117203 Morbidden the Thaumaturge (level 16, -8/132 HPs)
             Began as a Barachi Conjurer on Jan 19, 2024.
             Was a High Priest of Vehumet.
             Mangled by an azure jelly (16 damage)
             ... on level 1 of the Shoals on Jan 20, 2024.
             The game lasted 01:00:22 (25275 turns).

Morbidden the Thaumaturge (Barachi Conjurer)       Turns: 25275, Time: 01:00:22

Health: -8/132     AC: 15    Str: 12    XL:     16   Next: 73%
Magic:  5/33       EV: 15    Int: 31    God:    Vehumet [*****.]
Gold:   1655       SH: 16    Dex: 16    Spells: 10/42 levels left

rFire   x . .        b - +3 scimitar (elec)
rCold   + . .        X - +1 kite shield {rPois}
rNeg    . . .        h - +7 toga "Victory" {*Victory Int+7 Slay+7 Clar}
rPois   +            k - +0 helmet of the Ecumenical Temple {Slay+2}
rElec   .            C - +2 cloak
rCorr   .            z - +0 pair of gloves
SInv    .            j - +0 pair of boots
Will    +....        o - amulet of reflection
Stlth   +++          H - +6 ring of dexterity
HPRegen 0.42/turn    K - ring of ice
MPRegen 0.23/turn

%: reflection, clarity
@: unable to hop, inugami summoned, slow
A: amphibious, slowness 1, strong legs 2, +LOS
a: Hop, Renounce Religion


You were on level 1 of the Shoals.
You worshipped Vehumet.
Vehumet was extremely pleased with you.
You visited 5 branches of the dungeon, and saw 24 of its levels.
You also visited: Bailey.

You collected 2670 gold pieces.
You spent 1015 gold pieces at shops.

Inventory:

Hand Weapons
 a - a +1 dagger of venom
 b - a +3 scimitar of electrocution (weapon)
 F - a +0 dagger of electrocution
 Z - a +2 scimitar of flaming
Missiles
 f - 104 poisoned darts (quivered)
 t - a throwing net
 M - 3 curare-tipped darts
Armour
 h - the +7 toga "Victory" (worn) {*Victory Int+7 Slay+7 Clar}
   (You found it on level 3 of the Dungeon)

   *Victory:  When the wearer kills a threatening monster, it has a chance to
   gain +1 AC, +1 Slay, and +1 Int, capping at +7.
   When the wearer uses a scroll or a potion with a hostile monster in sight,
   its bonuses reset to +0.
   Unequipping it also resets its bonuses to +0.
   Int+7:     It affects your intelligence (+7).
   Slay+7:    It affects your accuracy & damage with ranged weapons and melee
   (+7).
   Clar:      It protects you from confusion, rage, mesmerisation and fear.
 j - a +0 pair of boots (worn)
 k - the +0 helmet of the Ecumenical Temple (worn) {Slay+2}
   (You bought it in a shop on level 14 of the Dungeon)

   Slay+2:    It affects your accuracy & damage with ranged weapons and melee
   (+2).
 z - a +0 pair of gloves (worn)
 C - a +2 cloak (worn)
 N - a +1 kite shield of cold resistance
 X - a +1 kite shield of poison resistance (worn)
Jewellery
 l - a ring of protection from fire
 o - an amulet of reflection (around neck)
 v - a +6 ring of dexterity
 H - a +6 ring of dexterity (left hand)
 K - a ring of ice (right hand)
 L - an amulet of magic regeneration
 S - a ring of resist corrosion
Wands
 m - a wand of acid (7)
 q - a wand of iceblast (17)
 B - a wand of mindburst (28)
 J - a wand of flame (12)
Scrolls
 d - 2 scrolls of noise
 e - 15 scrolls of teleportation
 n - 3 scrolls of enchant armour
 s - 2 scrolls of blinking
 x - a scroll of immolation
 y - 4 scrolls of fear
 A - a scroll of butterflies
 D - 3 scrolls of enchant weapon
 I - a scroll of brand weapon
 Q - 2 scrolls of poison
 T - 2 scrolls of fog
 U - a scroll of amnesia
 V - 4 scrolls of revelation
 Y - 4 scrolls of identify
Potions
 c - 7 potions of might
 g - a potion of ambrosia
 i - 5 potions of heal wounds
 p - 4 potions of magic
 r - 3 potions of invisibility
 u - 4 potions of enlightenment
 w - 5 potions of mutation
 E - 2 potions of brilliance
 G - 5 potions of curing
 O - a potion of lignification
 R - 2 potions of cancellation
Miscellaneous
 P - a phial of floods (inert)
 W - a condenser vane (inert)


   Skills:
 * Level 13.7 Fighting
 + Level 5.9(7.9) Short Blades
 * Level 8.9(9.8) Long Blades
 + Level 0.1 Throwing
 + Level 2.2 Armour
 * Level 9.3 Dodging
 + Level 4.5 Stealth
 * Level 6.8 Shields
 - Level 0.2 Unarmed Combat
 * Level 13.7 Spellcasting
 * Level 11.3 Conjurations
 * Level 8.5 Summonings
 * Level 9.2 Translocations
 * Level 3.5 Fire Magic
 + Level 11.1 Air Magic
 * Level 7.8 Evocations


You had 10 spell levels left.
You knew the following spells:

 Your Spells              Type           Power      Damage    Failure   Level
a - Airstrike             Air            37%        2d(6-22)  1%          4
b - Searing Ray           Conj           100%       2d8       1%          2
c - Iskenderun's Battles  Conj           75%        2d12      1%          5
d - Summon Blazeheart Go  Fire/Summ      55%        N/A       6%          4
e - Magic Dart            Conj           100%       1d8       1%          1
q - Arcjolt               Conj/Air       37%        1d47      1%          5
s - Summon Lightning Spi  Summ/Air       70%        N/A       1%          4
x - Call Canine Familiar  Summ           65%        N/A       1%          3
z - Iskenderun's Mystic   Conj/Tloc      71%        2d14      1%          4

Your spell library contained the following spells:

 Spells                   Type           Power      Damage    Failure   Level
 Conjure Ball Lightning   Conj/Air       37%        3x3d12    3%          6
 Kiss of Death            Conj/Necr      100%       2d13      1%          1
 Sting                    Conj/Alch      100%       1d9       1%          1
 Summon Small Mammal      Summ           100%       N/A       1%          1
 Mercury Vapours          Alch/Air       100%       N/A       1%          2
 Static Discharge         Conj/Air       100%       3-8/arc   1%          2
 Dazzling Flash           Conj/Hex       100%       N/A       1%          3
 Volatile Blastmotes      Fire/Tloc      100%       2d18      1%          3
 Fulminant Prism          Conj/Alch      27%        3d14      1%          4
 Passage of Golubria      Tloc           68%        N/A       1%          4
 Slow                     Hex            84%        N/A       7%          1
 Dimensional Bullseye     Hex/Tloc       24%        N/A       11%         4
 Starburst                Conj/Fire      30%        6d9       13%         6
 Olgreb's Toxic Radiance  Alch           21%        N/A       17%         4
 Confusing Touch          Hex            21%        N/A       21%         3
 Sigil of Binding         Hex            21%        N/A       21%         3
 Tukima's Dance           Hex            21%        N/A       21%         3
 Vampiric Draining        Necr           21%        2d7       21%         3
 Yara's Violent Unravell  Hex/Alch       10%        3d6       41%         5
 Dispel Undead            Necr           21%        3d11      56%         4
 Maxwell's Capacitive Co  Air            37%        ∞         71%         8
 Sculpt Simulacrum        Ice/Alch       15%        N/A       100%        6
 Ozocubu's Refrigeration  Ice            15%        4d10      100%        7
 Polar Vortex             Ice            15%        12d2*     100%        9


Dungeon Overview and Level Annotations

Branches:
Dungeon (15/15)            Temple (1/1) D:6            Lair (5/5) D:8
 Shoals (1/4) Lair:2       Spider (0/4) Lair:3        Slime (0/5) Lair:5
    Orc (2/2) D:12            Elf (0/3) Orc:2        Vaults (0/5) D:14
 Depths (0/4) D:15         Bailey (visited)

Altars:
Ashenzari
Cheibriados
Dithmenos
Elyvilon
Fedhas
Gozag
Hepliaklqana
Kikubaaqudgha
Makhleb
Nemelex Xobeh
Okawaru
Qazlal
Ru
Sif Muna
Trog
Uskayaw
Vehumet
Wu Jian
Xom
Yredelemnul
Zin
The Shining One

Shops:
D:3 *   D:9 *   D:10 *   D:14 ([   Orc:1 =   Orc:2 (!((

Portals:
Ice
Cave: Shoals:1

Annotations:
D:3 3 runed translucent doors, wooly's ghost, amateur MiBe
D:5 1 runed translucent door, paavali's ghost, novice FoFi
D:7 1 runed translucent door, temujin's ghost, amateur HuSh
D:8 2 transporters


Innate Abilities, Weirdness & Mutations

You are amphibious.
You cover ground slowly.
You can hop long distances.
You have an extended range of vision and can be seen from far away.


Message History

You are knocked back by the gust of wind.
Unknown command.
Unknown command.
Unknown command.
Unknown command.
Unknown command.
Okay, then.
You remove your +6 ring of dexterity.
You feel clumsy.
You feel more attuned to ice.
K - a ring of ice (right hand)
You block the harpy's attack. x2
Unknown command.
Unknown command.
Unknown command.
Unknown command.
Aiming: Corrosive Bolt
Press: ? - help, Shift-Dir - straight line The bolt of acid misses the azure jelly.
The bolt of acid hits the freezing wraith!
The freezing wraith is almost destroyed.
Your inugami is engulfed in noxious fumes.
Your inugami hits the freezing wraith!
The freezing wraith is destroyed!
Vehumet accepts your kill. You block the harpy's attack. The harpy claws you!
* * * LOW HITPOINT WARNING * * *
The azure jelly closely misses you. The azure jelly completely misses you.
You block the azure jelly's attack. x2
Unknown command.
Unknown command.
Unknown command.
Unknown command.
Unknown command.
You barely miss the azure jelly.
The azure jelly is lightly wounded.
The harpy misses you. You block the harpy's attack. The azure jelly hits you!
* * * LOW HITPOINT WARNING * * *
The azure jelly freezes you! You resist.
You die...

~~~≈≈≈≈§~~~...........,,,,,,,,
~~~≈≈≈≈§§§~.>.........,,,,,,,,
~~~≈≈≈≈~§~............,,,,,,,,
~~~≈≈≈~~~.............,,,,,,,,
~~~≈≈≈~~~............,,,,,,,,,
~~~≈≈≈~~~..k.......#*****,....
~~~≈≈≈~~~..........# *,,##....
~~~≈≈~~~...........###...##...
~~~≈≈~~~....H@J..h§'..JW.∩#...
~~~≈≈≈~~....§§§...§###,,,##...
~~~≈≈≈~~~........§.# *,,##....
~~~≈≈≈~~~.........†######.~~~.
~~~≈≈≈~~~~...............~~~~.
~~~≈≈≈~~~~.###..~.####..~~~~~.
~~~~~≈≈≈≈~.**#~~~.# ##.~~~~~~
~~~~~≈≈≈≈≈~~~~~~~.# #..~~~~~
~~~~~≈≈≈≈≈~~~~~...#* ##..~~~~


You could see an azure jelly, a wind drake (repels missiles), a harpy and a
friendly inugami (summoned, slow).

Vanquished Creatures
  Frances (D:13)
  Kirke (D:13)
  Louise (D:15)
  3 orc warlords
  The ghost of Morbidden the Destroyer, a journeyman BaCj of Cheibriados (Lair:2)
  7 hydras
  4 vault guards (D:14)
  6 two-headed ogres
  Erica (Lair:1)
  5 centaur warriors
  A merfolk aquamancer (Shoals:1)
  2 death knights
  4 boulder beetles
  5 death yaks (Lair:2)
  3 tengu warriors
  An orc high priest (Orc:2)
  A skyshark (Lair:5)
  A skeletal warrior (D:14)
  An orb spider (Lair:3)
  Pikel (D:8)
  3 deep elf pyromancers
  A phantasmal warrior (D:15)
  4 harpies (Shoals:1)
  8 orc knights
  11 cyclopes
  4 orc sorcerers (Orc:2)
  The ghost of paps the Changeling, a novice OpSh (D:6)
  4 ugly things
  6 black mambas
  Maurice (Orc:1)
  2 manticores
  3 elephants (Lair:3)
  An eye of devastation (shapeshifter) (D:15)
  3 kobold blastminers (Orc:2)
  A water nymph (Shoals:1)
  A gargoyle (D:12)
  4 rime drakes
  18 cane toads
  4 freezing wraiths
  An efreet (D:14)
  2 unseen horrors (D:11)
  3 kobold demonologists (D:12)
  3 unseen horror zombies (D:9)
  7 komodo dragons
  A yaktaur (D:15)
  A tengu conjurer (D:14)
  2 tyrant leeches (Lair:5)
  8 trolls
  3 polar bears
  A polar bear (shapeshifter) (D:15)
  A merfolk (Shoals:1)
  Grinder (D:4)
  9 saltlings (Orc:2)
  A hornet (D:11)
  The ghost of Morbidden the Conjurer, an amateur BaCj (D:4)
  6 dream sheep (Lair:2)
  22 blink frogs
  A slime creature (D:14)
  2 water elementals (Shoals:1)
  A vampire (D:11)
  2 wraiths
  32 yaks
  6 hogs (D:13)
  2 basilisks
  10 wyverns
  7 vampire mosquitoes
  A warg (Orc:2)
  2 acid dragons
  14 water moccasins
  5 black bears
  21 orc warriors
  3 ice beasts
  2 laughing skulls (D:14)
  5 ogres
  12 wolves
  A lemure (D:8)
  15 centaurs
  A phantom (D:5)
  11 kobold brigands
  14 bullfrogs
  A gnoll sergeant (D:6)
  3 scorpions
  7 wights
  17 killer bees
  6 electric eels
  2 lava snakes (Lair:3)
  2 centaur zombies (D:9)
  4 howler monkeys
  A jelly (D:5)
  4 hounds
  13 orc priests
  2 iguanas
  2 sleepcaps (D:6)
  24 orc wizards
  A killer bee zombie (D:9)
  Robin (D:3)
  A howler monkey zombie (D:9)
  11 gnolls
  5 adders
  A shadow imp (D:6)
  2 white imps
  4 ufetubi
  A ribbon worm (D:3)
  4 dart slugs
  58 orcs
  3 ball pythons
  11 endoplasms
  5 giant cockroaches
  18 goblins
  12 hobgoblins
  A jackal (D:4)
  A quokka (D:3)
  4 bats
  2 frilled lizards (D:2)
  52 kobolds
  4 rats
663 creatures vanquished.

Vanquished Creatures (collateral kills)
  2 hydras
  Erolcha (D:10)
  2 centaur warriors (D:15)
  A death yak (Lair:2)
  A tengu warrior (D:15)
  A deep troll earth mage (D:15)
  Nergalle (D:11)
  A skyshark (Shoals:1)
  A sea snake (Shoals:1)
  2 orc knights
  2 ugly things (D:15)
  A kobold blastminer (Orc:2)
  A black mamba (Lair:4)
  3 cane toads (Lair:5)
  A freezing wraith (Shoals:1)
  A merfolk (Shoals:1)
  2 saltlings (Orc:2)
  A snapping turtle (Shoals:1)
  A blink frog (Lair:2)
  13 yaks
  2 water elementals (Shoals:1)
  2 wargs (Orc:2)
  2 vampire mosquitoes (Lair:5)
  A water moccasin (Lair:5)
  5 orc warriors
  An ogre (Orc:2)
  A centaur (D:15)
  A kobold brigand (D:10)
  A bullfrog (Lair:5)
  A gnoll sergeant (D:8)
  2 orc priests (Orc:2)
  2 orc wizards (Orc:2)
  A gnoll (D:8)
  6 orcs
  A goblin (Bailey)
  A hobgoblin (Bailey)
  8 kobolds
77 creatures vanquished.

Vanquished Creatures (others)
  11 blazeheart cores
11 creatures vanquished.

Grand Total: 751 creatures vanquished

Notes
Turn   | Place    | Note
-------+----------+-------------------------------------------
     0 | D:1      | Morbidden the Barachi Conjurer began the quest for the Orb.
     0 | D:1      | Reached XP level 1. HP: 13/13 MP: 3/3
     0 | D:1      | Found a faded altar of an unknown god.
   510 | D:1      | Reached XP level 2. HP: 20/20 MP: 1/5
  1141 | D:1      | Reached skill level 1 in Short Blades
  1219 | D:2      | Reached skill level 1 in Fighting
  1223 | D:2      | Reached XP level 3. HP: 26/26 MP: 0/6
  1386 | D:2      | Reached skill level 5 in Conjurations
  1389 | D:2      | Learned a level 2 spell: Searing Ray
  1581 | D:2      | Reached XP level 4. HP: 32/32 MP: 3/7
  1704 | D:2      | Noticed Robin
  1726 | D:3      | Killed Robin
  2011 | D:3      | Found Esmygruo's Assorted Antiques.
  2088 | D:3      | Found the +0 toga "Victory" {*Victory Clar}
  2379 | D:3      | Found a runed translucent gate.
  2380 | D:3      | Found a runed translucent gate.
  2382 | D:3      | Found a runed translucent gate.
  2382 | D:3      | Noticed wooly's ghost (amateur MiBe)
  2385 | D:3      | Noticed a kobold brigand
  2418 | D:3      | Reached XP level 5. HP: 37/37 MP: 3/9
  2581 | D:2      | Reached skill level 1 in Armour
  3231 | D:4      | Learned a level 4 spell: Iskenderun's Mystic Blast
  3272 | D:4      | Noticed Grinder
  3292 | D:4      | Paralysed by Grinder for 4 turns
  3297 | D:4      | Killed Grinder
  3298 | D:4      | Reached skill level 1 in Long Blades
  3298 | D:4      | Reached skill level 1 in Translocations
  3298 | D:4      | Reached XP level 6. HP: 31/44 MP: 4/11
  3584 | D:4      | Reached XP level 7. HP: 50/50 MP: 8/12
  3646 | D:4      | Found a stormy altar of Qazlal.
  3646 | D:4      | Noticed an air elemental
  3647 | D:4      | Noticed a fire elemental
  3647 | D:4      | Noticed a water elemental
  4365 | D:4      | Learned a level 4 spell: Airstrike
  4502 | D:4      | Found a runed translucent door.
  4502 | D:4      | Noticed Morbidden's ghost (amateur BaCj)
  4650 | D:4      | Killed Morbidden's ghost
  4651 | D:4      | Reached XP level 8. HP: 21/58 MP: 0/14
  4796 | D:5      | Entered Level 5 of the Dungeon
  4833 | D:5      | Reached skill level 1 in Air Magic
  5284 | D:5      | Found a runed translucent door.
  5284 | D:5      | Noticed paavali's ghost (novice FoFi)
  5435 | D:6      | Noticed paps's ghost (novice OpSh)
  5436 | D:6      | Found a runed translucent gate.
  5436 | D:6      | Found a runed translucent gate.
  5436 | D:6      | Found a runed translucent gate.
  5489 | D:6      | Reached skill level 5 in Spellcasting
  5684 | D:6      | Reached XP level 9. HP: 64/64 MP: 13/16
  5688 | D:6      | Killed paps's ghost
  5800 | D:6      | Found an ornate altar of the Wu Jian Council.
  6017 | D:6      | Found an opulent altar of Gozag.
  6132 | D:6      | Found a staircase to the Ecumenical Temple.
  6243 | Temple   | Entered the Ecumenical Temple
  6261 | Temple   | Became a worshipper of Vehumet
  6667 | D:7      | Found a shadowy altar of Dithmenos.
  6667 | D:7      | Found an iron altar of Okawaru.
  6668 | D:7      | Found a snail-covered altar of Cheibriados.
  6737 | D:7      | Reached skill level 1 in Evocations
  6847 | D:7      | Found a white marble altar of Elyvilon.
  6911 | D:7      | Reached skill level 5 in Dodging
  6917 | D:7      | Learned a level 4 spell: Summon Lightning Spire
  7107 | D:7      | Found a runed translucent door.
  7112 | D:7      | Noticed temujin's ghost (amateur HuSh)
  7295 | D:7      | Reached * piety under Vehumet
  7295 | D:7      | Offered knowledge of Foxfire by Vehumet.
  7696 | D:8      | Noticed a two-headed ogre
  7700 | D:8      | Killed a two-headed ogre
  7701 | D:8      | Reached skill level 1 in Summonings
  7701 | D:8      | Reached XP level 10. HP: 73/73 MP: 10/19
  7963 | D:3      | Bought a lumpy platinum amulet for 160 gold pieces
  8422 | D:8      | Noticed a manticore
  8423 | D:8      | Reached ** piety under Vehumet
  8423 | D:8      | Offered knowledge of Freeze by Vehumet.
  8426 | D:8      | Killed a manticore
  8434 | D:8      | Reached skill level 5 in Long Blades
  8492 | D:8      | HP: 3/71 [centaur/+2 scimitar of electrocution (9)]
  8494 | D:8      | Reached skill level 5 in Short Blades
  8729 | D:8      | Reached skill level 5 in Fighting
  8749 | D:8      | Found a transporter.
  8809 | D:8      | Noticed a manticore
  8892 | D:8      | Found a transporter.
  8930 | D:8      | Noticed Pikel
  8948 | D:8      | Killed Pikel
  8949 | D:8      | Reached skill level 5 in Translocations
  8949 | D:8      | Reached XP level 11. HP: 80/80 MP: 13/21
  9069 | D:8      | Found a staircase to the Lair.
  9076 | D:8      | Offered knowledge of Hailstorm by Vehumet.
  9666 | D:9      | Reached skill level 1 in Shields
  9723 | D:9      | Found Faqesots's Assorted Antiques.
  9725 | D:9      | Identified a scroll of acquirement
  9725 | D:9      | Acquired 722 gold pieces
  9742 | D:9      | Bought a knobbly iron ring for 135 gold pieces
  9742 | D:9      | Bought a scroll of blinking for 202 gold pieces
  9792 | D:9      | Reached *** piety under Vehumet
  9828 | D:9      | Found a flagged portal.
  9852 | D:9      | Identified the +2 hand axe "Zywajaps" {freeze, rElec rN++}
  9855 | Bailey   | Entered a bailey
  9904 | Bailey   | Learned a level 3 spell: Call Canine Familiar
  9929 | Bailey   | Noticed an orc warlord
  9948 | Bailey   | Offered knowledge of Dazzling Flash by Vehumet.
 10004 | Bailey   | Noticed an orc knight
 10018 | Bailey   | Killed an orc knight
 10067 | Bailey   | Found a runed translucent gate.
 10069 | Bailey   | Found a runed translucent gate.
 10072 | Bailey   | Found a runed translucent gate.
 10299 | Bailey   | Killed an orc warlord
 10337 | Bailey   | Identified the +0 ring mail of Indemnity {Int+3 Dex+2}
 10341 | Bailey   | Reached XP level 12. HP: 101/101 MP: 23/23
 10433 | D:9      | Reached skill level 5 in Air Magic
 10448 | D:9      | Reached **** piety under Vehumet
 10701 | D:9      | Offered knowledge of Iskenderun's Battlesphere by Vehumet.
 10708 | D:9      | Learned a level 5 spell: Iskenderun's Battlesphere
 10970 | D:10     | Entered Level 10 of the Dungeon
 11119 | D:10     | Noticed Erolcha
 11124 | D:10     | Killed Erolcha
 11405 | D:10     | Found Cak Ceymm's Assorted Antiques.
 11421 | D:10     | Bought a shiny kite shield for 180 gold pieces
 11685 | Lair:1   | Entered Level 1 of the Lair of Beasts
 12038 | Lair:1   | Gained mutation: You can hop long distances. [Barachi
                  | growth]
 12038 | Lair:1   | Reached XP level 13. HP: 107/107 MP: 18/25
 12402 | Lair:1   | Learned a level 4 spell: Summon Blazeheart Golem
 12420 | Lair:1   | Noticed Erica
 12500 | Lair:1   | Killed Erica
 12688 | Lair:1   | Reached ***** piety under Vehumet
 13047 | Lair:2   | Offered knowledge of Ignite Poison by Vehumet.
 13155 | Lair:2   | Reached skill level 5 in Summonings
 13598 | Lair:2   | Found a staircase to the Shoals.
 13612 | Lair:2   | Found a runed translucent door.
 13617 | Lair:2   | Noticed Morbidden's ghost (journeyman BaCj)
 14062 | Lair:2   | Killed Morbidden's ghost
 14063 | Lair:2   | Reached skill level 10 in Conjurations
 14063 | Lair:2   | Reached skill level 5 in Evocations
 14195 | Lair:3   | Reached skill level 10 in Spellcasting
 14484 | Lair:3   | Reached XP level 14. HP: 116/116 MP: 28/28
 14720 | Lair:3   | Found a hole to the Spider Nest.
 15729 | Lair:4   | You fall into a shaft and drop 1 floor!
 15729 | Lair:5   | Entered Level 5 of the Lair of Beasts
 15738 | Lair:5   | Offered knowledge of Arcjolt by Vehumet.
 15745 | Lair:5   | Learned a level 5 spell: Arcjolt
 16072 | Lair:5   | Reached skill level 5 in Shields
 16361 | Lair:5   | Identified the +2 robe "Postel" {Harm rF- rN++ Str+2}
 16407 | Lair:5   | Found a staircase to the Slime Pits.
 17735 | D:11     | Offered knowledge of Eringya's Noxious Bog by Vehumet.
 17736 | D:11     | Reached XP level 15. HP: 123/123 MP: 10/30
 17991 | D:11     | Noticed Nergalle
 17995 | D:11     | Killed Nergalle
 18384 | D:12     | Reached skill level 10 in Air Magic
 18498 | D:12     | Found a staircase to the Orcish Mines.
 19406 | D:13     | Noticed Kirke
 19426 | D:13     | Killed Kirke
 19505 | D:13     | Noticed Frances
 19516 | D:13     | Killed Frances
 20019 | D:14     | Found a gate to the Vaults.
 20026 | D:14     | Reached skill level 1 in Fire Magic
 20318 | D:14     | Found Wafradusk's Weapon Shoppe.
 20495 | D:14     | Found Vyleloim's Armour Boutique.
 20498 | D:14     | Bought the +0 helmet of the Ecumenical Temple {Slay+2} for
                  | 338 gold pieces
 21035 | D:15     | Entered Level 15 of the Dungeon
 21041 | D:15     | Noticed Louise
 21100 | D:15     | Found a shadowy altar of Dithmenos.
 21112 | D:15     | Offered knowledge of Irradiate by Vehumet.
 21349 | D:15     | Found a staircase to the Depths.
 21396 | D:15     | Killed Louise
 21397 | D:15     | Reached XP level 16. HP: 35/131 MP: 8/33
 21803 | D:15     | Found a glowing golden altar of the Shining One.
 22378 | D:15     | Upgraded the game from 0.32-a0-30-gefbe487952 to
                  | 0.32-a0-32-g978bd804de
 22481 | Orc:1    | Entered Level 1 of the Orcish Mines
 22510 | Orc:1    | Noticed Maurice
 22514 | Orc:1    | Killed Maurice
 22652 | Orc:1    | Found Pemnael's Jewellery Emporium.
 22787 | Orc:2    | Entered Level 2 of the Orcish Mines
 23362 | Orc:2    | Found a staircase to the Elven Halls.
 23940 | Orc:2    | Offered knowledge of Conjure Ball Lightning by Vehumet.
 24059 | Orc:2    | Found Xucuomi's Weapon Shop.
 24077 | Orc:2    | Found Cuvveic's Weapon Shoppe.
 24079 | Orc:2    | Found Apehod's Weapon Shoppe.
 24230 | Orc:2    | Found Nabakk's Distillery.
 24431 | Orc:2    | Found a staircase to the Elven Halls.
 24647 | Orc:2    | Found Xucuomi's Weapon Shop.
 24658 | Orc:2    | Found Cuvveic's Weapon Shoppe.
 24661 | Orc:2    | Found Apehod's Weapon Shoppe.
 24672 | Orc:2    | Found Nabakk's Distillery.
 25131 | Shoals:1 | Entered Level 1 of the Shoals
 25254 | Shoals:1 | Found a glacial archway.
 25254 | Shoals:1 | Noticed an azure jelly
 25275 | Shoals:1 | Mangled by an azure jelly

Illustrated notes

Levels and vault maps discovered:
D:1:      minmay_arrival_arboretum_small, layout_basic, serial_co_window_serial,
          co_window_paths_a, co_window_corner_a, co_window_corner_a,
          co_window_paths_b, co_window_paths_b, co_window_paths_b,
          co_window_2corner, co_window_corner_b, co_window_unsneaky_path_d,
          co_window_of_opportunity_c, co_window_4corner_a, glass_columns_a,
          glass_columns_b, glass_columns_a, glass_columns_a, glass_columns_a,
          basic_ecumenical_altar
D:2:      layout_basic, uniq_robin
D:3:      layout_basic, serial_glass, glass_columns_c, glass_columns_b,
          glass_columns_b, glass_columns_b, glass_columns_a, glass_columns_c,
          glass_columns_c, glass_columns_a, gammafunk_ghost_nasty_kobolds,
          serial_shops, shop
D:4:      layout_basic, nicolae_qazlal_style_of_elements, gammafunk_ghost_grave,
          minmay_circle_x, uniq_grinder
D:5:      layout_rooms, serial_glass, glass_columns_b, glass_columns_a,
          gammafunk_ghost_grave
D:6:      layout_loops_ring, mainiacjoe_overflow_catwalk,
          nicolae_gozag_seed_capital, minmay_temple_entry_sparse_star,
          gammafunk_ghost_split
D:7:      layout_loops_ring, elyvilon_altar_1, gammafunk_temple_overflow_claw,
          ebering_ghost_reflecting_pool, minmay_door_square
D:8:      gammafunk_the_bubble [the_bubble_gammafunk_crates], layout_basic,
          minmay_lair_entry_grove, minmay_pinched_square, uniq_pikel
D:9:      layout_small_grid, serial_undead, serial_undead_a, serial_undead_e,
          serial_undead_c, serial_undead_b, enter_bailey_2, serial_shops,
          nicolae_shop_tiny_statue_garden
D:10:     layout_irregular_city, serial_shops, shop, uniq_erolcha
D:11:     layout_cave_pools, uniq_nergalle
D:12:     layout_basic, erik_orc_3
D:13:     layout_roguey, serial_library_hellmonk_u_bend, uniq_frances,
          uniq_kirke
D:14:     layout_cave_pods, lightli_vaults_fourway_checkpoint, serial_shops,
          nicolae_shop_temple_entry_statues_fountains, kennysheep_mini_moat
D:15:     hellmonk_depths_entry_around_the_bend, layout_irregular_city,
          nicolae_tso_swordbearing_angel, minmay_misc_feat_tiny,
          grunt_dithmenos_smoke_and_mirrors, uniq_louise
Temple:   eino_wide_crystal_templ
Lair:1:   layout_layer_cave, uniq_erica
Lair:2:   layout_regular_city, minmay_shoals_entry_centaurs,
          ebering_ghost_reflecting_pool, grunt_megastairs_3,
          infiniplex_staircase_pool, serial_bayou_shore_a
Lair:3:   layout_long_grid, nicolae_spider_entry_orb_guardian,
          bh_autumn_forest_stairs, nicolae_lair_liquid_snakes
Lair:4:   layout_gridlike
Lair:5:   minmay_lair_end_frog_pond, layout_misc_corridors, slime_entry_1,
          lookout_lair_type
Shoals:1: layout_shoals, portal_ice_cave_entry_frozen_things
Orc:1:    layout_caves, serial_shops, nicolae_shop_back_alley_shop, uniq_maurice
Orc:2:    hellmonk_orc_salted, layout_caves

Skill      XL: |  1  2  3  4  5  6  7  8  9 10 11 12 13 14 15 16 |
---------------+-------------------------------------------------+-----
Short Blades   | 1 2 3 4 5 |  5.9
Fighting       | 1 2 3 4 5 11 12 13 | 13.7
Conjurations   | 5 6 7 8 9 10 11 | 11.3
Spellcasting   | 3 4 5 6 7 8 10 11 13 | 13.7
Armour         | 1 2 |  2.2
Long Blades    | 1 2 3 4 5 6 7 8 |  8.9
Dodging        | 3 4 5 6 7 8 9 |  9.3
Stealth        | 2 3 4 |  4.5
Translocations | 1 2 3 4 5 6 7 8 9 |  9.2
Air Magic      | 1 3 4 6 8 9 10 11 | 11.1
Evocations     | 1 3 4 5 6 7 |  7.8
Summonings     | 1 3 4 5 6 7 8 |  8.5
Shields        | 2 4 5 6 |  6.8
Fire Magic     | 2 3 |  3.5
Throwing       | |  0.1
Unarmed Combat | |  0.2

Action                     |  1- 3 |  4- 6 |  7- 9 | 10-12 | 13-15 | 16-18 || total
---------------------------+-------+-------+-------+-------+-------+-------++-------
  Melee: Unarmed           |     5 |       |       |       |       |       ||     5
         Dagger            |     2 |    26 |    65 |   195 |    23 |       ||   311
         Punch             |       |       |       |     4 |     3 |       ||     7
         Scimitar          |       |       |       |     1 |   107 |   114 ||   222
  Throw: Dart              |       |       |       |     1 |     5 |     6 ||    12
   Cast: Magic Dart        |    39 |    77 |   140 |    73 |       |       ||   329
         Searing Ray       |       |     8 |    23 |    20 |     5 |     1 ||    57
         Iskenderun's Myst |       |       |     4 |    29 |    40 |    12 ||    85
         Airstrike         |       |       |       |    70 |   359 |    95 ||   524
         Summon Lightning  |       |       |       |    17 |    38 |    18 ||    73
         Call Canine Famil |       |       |       |     8 |    21 |     9 ||    38
         Iskenderun's Batt |       |       |       |       |    18 |       ||    18
         Summon Blazeheart |       |       |       |       |    14 |     4 ||    18
         Arcjolt           |       |       |       |       |    14 |    17 ||    31
Ability: Hop               |       |     3 |     2 |     7 |     2 |     2 ||    16
  Evoke: Wand              |       |       |     8 |     2 |    11 |     1 ||    22
         Phial of floods   |       |       |       |     1 |     3 |     1 ||     5
         Condenser vane    |       |       |       |       |     2 |     2 ||     4
    Use: Potion            |       |     2 |       |     1 |       |       ||     3
         Scroll            |       |       |     2 |    11 |    13 |     3 ||    29
   Stab: Sleeping          |       |       |     3 |     1 |     1 |     1 ||     6
         Distracted        |       |       |       |     6 |     2 |     2 ||    10
 Armour: Leather armour    |    10 |    10 |       |       |       |       ||    20
         Robe              |       |    10 |    62 |   137 |   144 |    95 ||   448
  Dodge: Dodged            |     5 |    15 |    58 |   211 |   162 |    97 ||   548
  Block: Kite shield       |       |       |       |       |    28 |   131 ||   159
         Reflection        |       |       |       |       |       |     1 ||     1

Table legend: (Time is in decaauts)
 A = Elapsed time spent in this place.
 B = Non-inter-level travel time spent in this place.
 C = Inter-level travel time spent in this place.
 D = Time resting spent in this place.
 E = Time spent auto-exploring this place.
 F = Levels seen in this place.
 G = Mean time per level.
                   A        B        C        D        E       F      G
               +--------+--------+--------+--------+--------+-----+--------+
         Total |  28086 |  26323 |   1763 |   1951 |  20265 |  25 | 1123.4 |
       Dungeon |  18074 |  16719 |   1355 |   1441 |  12787 |  15 | 1204.9 |
        Temple |     48 |     29 |     19 |      0 |      0 |   1 |   48.0 |
          Lair |   6494 |   6196 |    298 |    200 |   5158 |   5 | 1298.8 |
        Shoals |    161 |    161 |      0 |      0 |      0 |   1 |  161.0 |
  Orcish Mines |   2773 |   2683 |     90 |    272 |   2001 |   2 | 1386.5 |
        Bailey |    535 |    535 |      0 |     38 |    318 |   1 |  535.0 |
               +--------+--------+--------+--------+--------+-----+--------+

Top non-repeatable levels by time:
   Orc:2: 2342 daAuts
     D:8: 1784 daAuts
     D:4: 1708 daAuts
  Lair:1: 1581 daAuts
     D:1: 1558 daAuts
     D:6: 1427 daAuts
    D:15: 1424 daAuts
     D:7: 1364 daAuts
  Lair:2: 1325 daAuts
    D:14: 1310 daAuts
  Lair:5: 1299 daAuts
  Lair:3: 1262 daAuts
    D:12: 1161 daAuts
     D:3: 1134 daAuts
    D:13: 1039 daAuts
